[Event "ICCopen2016"]
[Site "Internet Chess Club"]
[Date "2016.06.03"]
[Round "4"]
[White "ChessHouston"]
[Black "kabindra"]
[Result "1-0"]
[ICCResult "Black forfeits on time"]
[WhiteElo "1836"]
[BlackElo "1532"]
[Opening "QP counter-gambit (elephant gambit)"]
[ECO "C40"]
[NIC "KP.10"]
[Time "19:33:46"]
[TimeControl "180+0"]

1. e4 e5 2. Nf3 d5 3. exd5 e4 4. Nd4 Qxd5 5. Nb3 a6 6. Nc3 Qe5 7. Be2 Bd6 8.
d4 exd3 9. Qxd3 Nf6 10. g3 Bf5 11. f4 Qe6 12. Qe3 Ne4 13. Nxe4 Bxe4 14. O-O
b6 15. Nd4 Qd5 16. c4 Qb7 17. b3 O-O 18. Bb2 Bc5 19. Rad1 f5 20. h3 Nc6 21.
Kh2 Rfe8 22. Qf2 Rad8 23. Rd2 Nxd4 24. Bxd4 Bb4 25. Rdd1 c5 26. Be5 a5 27.
Bb2 a4 28. Bf3 Bxf3 29. Rxd8 {Black forfeits on time} 1-0

[Event "ICCopen2016"]
[Site "Internet Chess Club"]
[Date "2016.06.03"]
[Round "4"]
[White "senya"]
[Black "playbr"]
[Result "0-1"]
[ICCResult "White checkmated"]
[WhiteElo "1101"]
[BlackElo "1674"]
[Opening "English, 1...Nf6 (Anglo-Indian defense)"]
[ECO "A15"]
[NIC "EO.64"]
[Time "19:34:13"]
[TimeControl "180+0"]

1. c4 Nf6 2. e3 e5 3. d4 e4 4. a3 c6 5. Nc3 d5 6. c5 Be7 7. Nge2 O-O 8. Ng3
Ng4 9. Be2 f5 10. O-O Nd7 11. Nxf5 Ndf6 12. Bxg4 Nxg4 13. Nxe7+ Qxe7 14. g3
Rf6 15. Bd2 Rh6 16. h4 Rxh4 17. f3 Qc7 18. Ne2 exf3 19. Nf4 f2+ 20. Rxf2
Rh1+ 21. Kg2 Rxd1 22. Rxd1 Nxf2 23. Kxf2 Bg4 24. Rh1 Rf8 25. Ke1 g5 26. Ne6
Qxg3# {White checkmated} 0-1

[Event "ICCopen2016"]
[Site "Internet Chess Club"]
[Date "2016.06.03"]
[Round "4"]
[White "OparinGrigoriy"]
[Black "Maxbet"]
[Result "1-0"]
[ICCResult "Black forfeits on time"]
[WhiteElo "2830"]
[BlackElo "2935"]
[Opening "Ruy Lopez: Exchange variation doubly deferred (DERLD)"]
[ECO "C85"]
[NIC "RL.14"]
[Time "19:33:23"]
[TimeControl "180+0"]

1. e4 e5 2. Nf3 Nc6 3. Bb5 a6 4. Ba4 Nf6 5. O-O Be7 6. Bxc6 dxc6 7. d3 Qd6
8. Nbd2 Be6 9. Ng5 Nd7 10. Nxe6 Qxe6 11. Nc4 O-O 12. a4 a5 13. Bd2 b6 14.
Kh1 Rae8 15. Qe2 f5 16. exf5 Qxf5 17. Rae1 Bd6 18. b3 Nf6 19. f3 Nd5 20. Qe4
Qh5 21. Re2 Re7 22. Rfe1 Nf6 23. Qe3 Nd5 24. Qg5 Qxg5 25. Bxg5 Re6 26. d4
Bb4 27. Bd2 Rd8 28. Bxb4 Nxb4 29. dxe5 g5 30. g3 Kg7 31. Kg2 Nd5 32. Rd2 Rf8
33. Rd4 Kg6 34. h4 h6 35. hxg5 hxg5 36. Rg4 Kf5 37. Ree4 Rfe8 38. Re2 b5 39.
Nxa5 Rxe5 40. Rxe5+ Rxe5 41. Nxc6 Ne3+ 42. Kg1 Rc5 43. Re4 Nxc2 44. axb5
Rxb5 45. Rc4 Rxb3 46. Rxc2 Kf6 47. Kg2 Rb1 48. Nd4 Rb4 49. Ne2 Rb7 50. g4
Kf7 51. Ng3 Kg7 52. Ne4 Kg6 53. Rc5 Rb2+ 54. Kg3 c6 55. Rxg5+ Kf7 56. Rc5
Kf8 57. Rxc6 Rb3 58. Rf6+ Kg8 59. Rf4 Kg7 60. g5 Kg8 61. Kg4 Kg7 62. Rf5 Kg8
63. Re5 Kg7 64. f4 Kg8 65. f5 Kg7 66. f6+ Kg8 67. Kf5 Kf8 68. g6 Rf3+ 69.
Ke6 Ra3 70. g7+ Kg8 71. Kf5 Rf3+ 72. Kg4 Rg3+ 73. Kxg3 {Black forfeits on
time} 1-0

[Event "ICCopen2016"]
[Site "Internet Chess Club"]
[Date "2016.06.03"]
[Round "4"]
[White "TitanRivas"]
[Black "HPG1947"]
[Result "1-0"]
[ICCResult "Black forfeits on time"]
[WhiteElo "1897"]
[BlackElo "1608"]
[Opening "King's pawn opening"]
[ECO "B07"]
[NIC "VO.17"]
[Time "19:32:58"]
[TimeControl "180+0"]

1. e4 d6 2. Nf3 Nf6 3. Nc3 e5 4. Bc4 Be7 5. h3 O-O 6. d4 Nbd7 7. O-O c6 8.
a4 b6 9. Be3 a6 10. Qd2 Bb7 11. Rfd1 Qc7 12. Ng5 b5 13. axb5 axb5 14. Bb3 b4
15. Ne2 h6 16. dxe5 dxe5 17. Nxf7 Rxf7 18. Rxa8+ Bxa8 19. Bxf7+ Kxf7 20. f3
Bb7 21. Qd3 Bc8 22. Qc4+ Kg6 23. Ng3 Nf8 24. Bc5 Be6 25. Qxb4 Bxc5+ 26. Qxc5
Kf7 27. Rd6 Qb7 28. b4 Qa6 29. Qxc6 Qa1+ 30. Kh2 Qe1 31. b5 h5 32. h4
{Black forfeits on time}
1-0

[Event "ICCopen2016"]
[Site "Internet Chess Club"]
[Date "2016.06.03"]
[Round "4"]
[White "Spirals"]
[Black "Rumpel"]
[Result "0-1"]
[ICCResult "White forfeits on time"]
[WhiteElo "2167"]
[BlackElo "2651"]
[Opening "Pirc defense"]
[ECO "B07"]
[NIC "PU.08"]
[Time "19:33:32"]
[TimeControl "180+0"]

1. e4 d6 2. d4 Nf6 3. Nc3 e5 4. dxe5 dxe5 5. Qxd8+ Kxd8 6. Bc4 Be6 7. Bxe6
fxe6 8. Bg5 Bd6 9. Bxf6+ gxf6 10. Nge2 Ke7 11. Nb5 a6 12. Nxd6 cxd6 13. c4
Nd7 14. O-O Rhg8 15. Rfd1 Rac8 16. Rac1 b5 17. cxb5 axb5 18. Rxc8 Rxc8 19.
Rc1 Ra8 20. a3 Nc5 21. f3 Nd3 22. Rc7+ Kf8 23. Rxh7 Kg8 24. Rd7 Nxb2 25. Rb7
Rxa3 26. Rxb5 Nd3 27. Rb1 d5 28. g3 Ra2 29. Kf1 dxe4 30. fxe4 Ra4 31. Rb6
Kf7 32. Nc3 Rc4 33. Rb3 Nc5 34. Ra3 Nxe4 35. Nxe4 Rxe4 36. Kf2 Rb4 37. h4 f5
38. Ra8 Rb3 39. h5 Rb2+ 40. Kf3 Rh2 41. Rh8 Kg7 42. Re8 Kf7 43. Rh8 e4+ 44.
Kf4 Kf6 45. Rh6+ Ke7 46. Rh7+ Kd6 47. h6 Rf2+ 48. Kg5 e3 49. Ra7 e2 50. h7
Rh2 51. Ra1 Rxh7 52. Re1 Rh2 53. Kf4 Rg2 54. Kf3 Rh2 55. Rxe2 Rxe2 56. Kxe2
Kd5 57. Kf3 Kd4 58. g4 fxg4+ 59. Kxg4 e5 60. Kf3 Kd3 61. Kf2 e4 62. Ke1 Ke3
63. Kd1 Kf2 64. Kd2 e3+ 65. Kd3 e2 66. Ke4 e1=Q+ 67. Kf4 Qe8 68. Kf5 Qc8+
69. Kf6 Qh8+ {White forfeits on time} 0-1

[Event "ICCopen2016"]
[Site "Internet Chess Club"]
[Date "2016.06.03"]
[Round "4"]
[White "Red-white"]
[Black "Panesso"]
[Result "1-0"]
[ICCResult "Black checkmated"]
[WhiteElo "3109"]
[BlackElo "2246"]
[Opening "Sicilian: Canal-Sokolsky attack, 3...Bd7"]
[ECO "B52"]
[NIC "SI.01"]
[Time "19:34:04"]
[TimeControl "180+0"]

1. e4 c5 2. Nf3 d6 3. Bb5+ Bd7 4. Qe2 Nc6 5. c3 g6 6. O-O Rc8 7. d4 cxd4 8.
cxd4 a6 9. Ba4 Bg7 10. Be3 Nf6 11. Nc3 b5 12. Bb3 b4 13. e5 bxc3 14. exf6
Bxf6 15. bxc3 Qa5 16. Bh6 Bg4 17. Qe3 Bxf3 18. Qxf3 Qf5 19. Qe3 g5 20. f4 g4
21. Rae1 d5 22. Kh1 e6 23. Re2 Rg8 24. Bc2 Qh5 25. f5 Nd8 26. fxe6 Nxe6 27.
Rxf6 g3 28. Rxe6+ Kd7 29. Re7+ Kc6 30. h3 Rg4 31. Bf4 Rcg8 32. c4 dxc4 33.
Ba4+ Kb6 34. Rb2+ Ka5 35. Qc3+ Kxa4 36. Qb4# {Black checkmated} 1-0

[Event "ICCopen2016"]
[Site "Internet Chess Club"]
[Date "2016.06.03"]
[Round "4"]
[White "BrentMusburger"]
[Black "boveymvp"]
[Result "1-0"]
[ICCResult "Black forfeits on time"]
[WhiteElo "2407"]
[BlackElo "1637"]
[Opening "Sicilian defense"]
[ECO "B40"]
[NIC "SI.43"]
[Time "19:33:40"]
[TimeControl "180+0"]

1. e4 c5 2. Nf3 e6 3. b3 Nc6 4. Bb2 a6 5. d4 cxd4 6. Nxd4 Qc7 7. Bd3 Nf6 8.
O-O Be7 9. Kh1 O-O 10. f4 d6 11. e5 dxe5 12. Nxc6 Qxc6 13. fxe5 Nd5 14. Qe2
g6 15. Be4 Qc7 16. Qd2 Rd8 17. Qf2 Bc5 18. Qe2 Bf8 19. c4 Ne7 20. Nd2 Nf5
21. Bxf5 exf5 22. Nf3 Be6 23. Qe3 Rd7 24. Ng5 Rad8 25. Qh3 h6 26. Nxe6 fxe6
27. Qg3 Kf7 28. Qf3 Rd3 29. Qf4 Qc6 30. Bc1 R8d4 31. Qf2 Ke8 32. Be3 Rd7 33.
Rab1 Qe4 34. Bf4 g5 35. Bg3 Rd2 36. Qg1 Rxa2 37. Rbe1 Qc6 38. Bf2 Rdd2 39.
h3 Qd7 40. Kh2 Qd3 41. Kh1 f4 42. h4 Qd7 43. Qh2 g4 44. Bg3
{Black forfeits on time}
1-0

[Event "ICCopen2016"]
[Site "Internet Chess Club"]
[Date "2016.06.03"]
[Round "4"]
[White "AttackSparrow"]
[Black "whiteshark"]
[Result "1-0"]
[ICCResult "Black forfeits on time"]
[WhiteElo "2254"]
[BlackElo "2622"]
[Opening "French: Tarrasch, closed variation, main line"]
[ECO "C06"]
[NIC "FR.17"]
[Time "19:33:12"]
[TimeControl "180+0"]

1. e4 e6 2. d4 d5 3. Nd2 Nf6 4. e5 Nfd7 5. Bd3 c5 6. c3 Nc6 7. Ne2 cxd4 8.
cxd4 f6 9. exf6 Nxf6 10. O-O Bd6 11. Nf3 O-O 12. h3 Ne4 13. Nc3 Nxc3 14.
bxc3 g6 15. Be3 Bd7 16. Re1 Rc8 17. Qd2 Rxf3 18. gxf3 Qh4 19. Bf1 Rf8 20.
Bg2 Na5 21. Bg5 Qh5 22. Bh6 Rf5 23. Be3 Nc4 24. Qe2 Qh4 25. Bc1 e5 26. dxe5
Rxe5 27. Qf1 Rh5 28. Qe2 Ne5 29. f4 Nf7 30. Qd3 Bxf4 31. Bxf4 Qxf4 32. Qd4
Qxd4 33. cxd4 Kf8 34. Rac1 Bc6 35. Re6 Nd8 36. Re3 Rh4 37. Rd1 Kf7 38. Re5
Rh5 39. Rde1 Kf6 40. Rxh5 gxh5 41. Re5 Ne6 42. Rxh5 Kg6 43. Re5 Nxd4 44.
Bxd5 Kf6 45. Rh5 Kg6 46. Re5 Kf6 47. Rh5 Ne2+ 48. Kh2 Nf4 49. Bxc6 Nxh5 50.
Bxb7 Kg5 51. Be4 h6 52. f3 Kf4 53. a4 Ng3 54. Bc6 a5 55. h4 h5 56. Kh3 Nh1
57. Be8 Nf2+ 58. Kg2 Nd1 59. Bxh5 Ne3+ 60. Kh3 Nf5 61. Bg4 Nh6 62. h5 Nf7
63. Kh4 Nh6 64. Be6 Kxf3 65. Kg5 Kg3 66. Kg6 Kf4 67. Kxh6 Ke5 68. Kg7 Kxe6
69. h6 Kd5 70. h7 Kc4 71. h8=Q Kb4 72. Qe8 {Black forfeits on time} 1-0

[Event "ICCopen2016"]
[Site "Internet Chess Club"]
[Date "2016.06.03"]
[Round "4"]
[White "hunterking"]
[Black "capablance2"]
[Result "1-0"]
[ICCResult "Black forfeits on time"]
[WhiteElo "1408"]
[BlackElo "1255"]
[Opening "English opening"]
[ECO "A30"]
[NIC "QP.11"]
[Time "19:33:42"]
[TimeControl "180+0"]

1. Nf3 Nf6 2. c4 c5 3. e3 Nc6 4. g3 d5 5. b3 dxc4 6. bxc4 Bg4 7. Bg2 e5 8.
h3 Bh5 9. Nc3 e4 10. g4 exf3 11. Bxf3 Bg6 12. Qb3 Rb8 13. Qb5 Qc7 14. Nd5
Nxd5 15. cxd5 a6 16. Qa4 b5 17. Qxa6 Ne5 18. Bg2 Nd3+ 19. Ke2 Nb4 20. d6
Bxd6 21. Qa3 Nc2 22. Qb2 Nxa1 23. Qxa1 Be5 24. Bb2 Bxb2 25. Qxb2 O-O 26. Rc1
c4 27. d3 Bxd3+ 28. Kd2 b4 29. Qd4 c3+ 30. Ke1 Bb5 31. Qxb4 Qh2 32. f3 Qxg2
33. Qd4 c2 34. Qd2 {Black forfeits on time} 1-0

[Event "ICCopen2016"]
[Site "Internet Chess Club"]
[Date "2016.06.03"]
[Round "4"]
[White "HawkKing"]
[Black "GodspeedR8"]
[Result "1-0"]
[ICCResult "Black forfeits on time"]
[WhiteElo "2279"]
[BlackElo "1768"]
[Opening "QGD Slav: exchange variation"]
[ECO "D13"]
[NIC "SL.02"]
[Time "19:33:31"]
[TimeControl "180+0"]

1. d4 Nf6 2. Nf3 c5 3. c3 cxd4 4. cxd4 d5 5. Nc3 Nc6 6. Bg5 Bg4 7. e3 e6 8.
Bd3 Be7 9. O-O O-O 10. h3 Bh5 11. Rc1 Rc8 12. g4 Bg6 13. Ne5 Bxd3 14. Nxd3
Ne4 15. Bxe7 Qxe7 16. Nxe4 dxe4 17. Nf4 f5 18. d5 exd5 19. Qxd5+ Kh8 20.
gxf5 Rcd8 21. Qe6 Qg5+ 22. Kh2 Qxf5 23. Rg1 Qxe6 24. Nxe6 Rxf2+ 25. Kh1 Rdd2
26. Rxg7 Rh2+ 27. Kg1 Rxh3 28. Rxb7 Rg3+ 29. Kf1 Rh3 30. Rb8+ Nd8 31. Rxd8+
Rxd8 32. Kg2 Rxe3 33. Nxd8 Re2+ 34. Kg3 Rxb2 35. a4 Ra2 36. Rc4 e3 37. Ne6
h6 38. Kf3 e2 39. Kf2 Kh7 40. Nf4 Ra3 41. Nxe2 Kg6 42. Nd4 Kg5 43. Nb5 Ra2+
44. Kf3 a6 45. Nc7 Ra3+ 46. Kf2 h5 47. Nxa6 h4 48. Nc5 h3 49. Ne4+ Kg4 50.
Nd2+ Kh5 51. Nf1 Ra2+ 52. Kg1 Kg5 53. Rb4 Kf5 54. Ng3+ Ke5 55. Kh1 Kd5 56.
Nh5 Kc5 57. Rb3 Kc4 58. Rxh3 Rxa4 59. Ng3 Kc5 60. Kg2 Kd6 61. Kf3 Ra3+ 62.
Kg4 Ra4+ 63. Kg5 Ra5+ 64. Nf5+ Ke6 65. Re3+ Kf7 66. Re7+ Kf8 67. Re6 Kf7 68.
Re7+ Kf8 69. Rb7 Ke8 70. Kf6 Kd8 71. Rh7 Kc8 72. Kg5 Kb8 73. Rh8+ Kb7 74.
Rh7+ Kb6 75. Rh6+ Kc5 76. Rh2 Kc4 77. Rc2+ Kd3 78. Rg2 Kc3 79. Rg3+ Kb4 80.
Rg4+ Kb5 81. Rg2 Kb6 82. Rg3 Kb7 83. Rg4 {Black forfeits on time} 1-0

[Event "ICCopen2016"]
[Site "Internet Chess Club"]
[Date "2016.06.03"]
[Round "4"]
[White "wolvie"]
[Black "oriGinal"]
[Result "1-0"]
[ICCResult "Black forfeits on time"]
[WhiteElo "1612"]
[BlackElo "1833"]
[Opening "Scandinavian defense"]
[ECO "B01"]
[NIC "SD.03"]
[Time "19:34:34"]
[TimeControl "180+0"]

1. e4 d5 2. exd5 Nf6 3. Nf3 Bg4 4. Be2 Qxd5 5. d4 Qh5 6. h3 Nc6 7. O-O Bxh3
8. gxh3 Qxh3 9. Nh2 e6 10. Bg4 Nxg4 11. Qxg4 Qxg4+ 12. Nxg4 Nxd4 13. Na3
Ne2+ 14. Kh1 Nxc1 15. Raxc1 f5 16. Ne3 O-O-O 17. c4 g5 18. Nb5 a6 19. Nc3 h5
20. Rc2 Bc5 21. Re2 g4 22. Nc2 Rde8 23. b4 Bf8 24. c5 e5 25. a3 h4 26. Rfe1
{Black forfeits on time}
1-0

[Event "ICCopen2016"]
[Site "Internet Chess Club"]
[Date "2016.06.03"]
[Round "4"]
[White "VrloJakMK"]
[Black "YKQ"]
[Result "0-1"]
[ICCResult "White forfeits on time"]
[WhiteElo "2149"]
[BlackElo "2612"]
[Opening "QGD: Lasker defense, Teichmann variation"]
[ECO "D56"]
[NIC "QO.16"]
[Time "19:33:54"]
[TimeControl "180+0"]

1. d4 Nf6 2. c4 e6 3. Nc3 d5 4. Nf3 Be7 5. Bg5 h6 6. Bh4 O-O 7. e3 Ne4 8.
Bxe7 Qxe7 9. Qc2 Nxc3 10. Qxc3 c6 11. Be2 Nd7 12. O-O Re8 13. Ne5 Nxe5 14.
dxe5 b6 15. cxd5 cxd5 16. Rac1 Bb7 17. Qc7 Rac8 18. Qxe7 Rxe7 19. Rxc8+ Bxc8
20. Rc1 Bb7 21. Bb5 f6 22. exf6 gxf6 23. f3 Kf7 24. Kf2 e5 25. b4 Ke6 26.
Kg3 Rg7+ 27. Kh3 Kd6 28. Rc2 f5 29. Bd3 e4 30. fxe4 fxe4 31. Bb5 Ke5 32. Kh4
d4 33. exd4+ Kxd4 34. Rc4+ Ke5 35. Rc2 e3 36. g4 Bf3 37. h3 Kf4 38. Rc4+ Ke5
39. Rc2 Kd4 40. Rc4+ Kd5 41. Rf4 e2 42. Bxe2 Bxe2 43. Kh5 Bc4 44. Kxh6 Re7
45. h4 Bxa2 46. g5 a5 47. bxa5 b5 48. g6 Kc5 49. g7 b4 50. a6 Ra7 51. Rf2
Bc4 52. Rc2 Ra8 53. a7 b3 54. Rc1 Kb4 55. h5 b2 56. Rg1 Ka3 57. Kg5 Ka2 58.
h6 Bg8 59. Rg2 Ka1 60. Rxb2 Kxb2 61. Kg6 Rxa7 62. h7 Ra6+ 63. Kg5 Bxh7
{White forfeits on time}
0-1

[Event "ICCopen2016"]
[Site "Internet Chess Club"]
[Date "2016.06.03"]
[Round "4"]
[White "Sebs"]
[Black "vanboy"]
[Result "1-0"]
[ICCResult "Black forfeits on time"]
[WhiteElo "2995"]
[BlackElo "2468"]
[Opening "Old Benoni defense"]
[ECO "A43"]
[NIC "OI.09"]
[Time "19:33:38"]
[TimeControl "180+0"]

1. d4 c5 2. d5 d6 3. c4 g6 4. Nc3 Bg7 5. e4 Nf6 6. Nf3 O-O 7. h3 e6 8. Bd3
a6 9. O-O e5 10. Bg5 h6 11. Be3 Nh5 12. Qd2 g5 13. Rfe1 Nf4 14. Bf1 f5 15.
exf5 Bxf5 16. Bxf4 gxf4 17. Bd3 Nd7 18. Bxf5 Rxf5 19. Qd3 Rf7 20. Ne4 Nf6
21. a4 Nxe4 22. Qxe4 Qf6 23. Rab1 a5 24. Qd3 Kh8 25. Nd2 Rg8 26. Ne4 Qe7 27.
Qf3 Bf8 28. Rbd1 Rfg7 29. g3 fxg3 30. fxg3 Qh4 31. Kh2 Qe7 32. Rg1 Qd7 33.
Rdf1 Qxa4 34. Nf6 Qxc4 35. Nxg8 Rxg8 36. Qf6+ Kh7 37. Qf5+ Kh8 38. Qf6+ Kh7
39. Qe6 Qe2+ 40. Kh1 Qe4+ 41. Rg2 Rxg3 42. Qf5+ Qxf5 43. Rxf5 Rxg2 44. Kxg2
Kg7 45. Kf3 Be7 46. Ke4 b5 47. Rf3 a4 48. Rg3+ Kf7 49. Kf5 b4 50. Rf3 Bg5
51. Kg4+ Kg6 52. h4 h5+ 53. Kh3 Bf4 54. Rf1 Kf5 55. Ra1 e4 56. Rxa4 e3 57.
Kg2 {Black forfeits on time} 1-0

[Event "ICCopen2016"]
[Site "Internet Chess Club"]
[Date "2016.06.03"]
[Round "4"]
[White "pagoda"]
[Black "Vegita"]
[Result "1/2-1/2"]
[ICCResult "White ran out of time and Black has no material to mate"]
[WhiteElo "1904"]
[BlackElo "2282"]
[Opening "Dunst (Sleipner, Heinrichsen) opening"]
[ECO "A00"]
[NIC "VO.15"]
[Time "19:33:59"]
[TimeControl "180+0"]

1. Nc3 a6 2. e4 b5 3. d4 Bb7 4. Bd3 e6 5. Nf3 c5 6. dxc5 Bxc5 7. O-O Nc6 8.
a3 Nge7 9. Qe2 O-O 10. Be3 Qb6 11. Bxc5 Qxc5 12. Rad1 Ng6 13. Rfe1 Rac8 14.
Qe3 Qxe3 15. Rxe3 d6 16. Be2 b4 17. Na4 Rfd8 18. g3 Kf8 19. Nd4 Ke7 20. Nb6
Rb8 21. Nc4 Nge5 22. Nxc6+ Nxc6 23. f4 bxa3 24. Rxa3 Nb4 25. Bd3 d5 26. exd5
Bxd5 27. b3 Bxc4 28. bxc4 Rb7 29. Rb1 Rdb8 30. Rab3 a5 31. c3 Nxd3 32. Rxb7+
Rxb7 33. Rxb7+ Kd6 34. Rxf7 a4 35. Rxg7 Kc5 36. Rxh7 Kxc4 37. Ra7 Nc5 38. h4
Kb5 39. h5 Na6 40. Re7 a3 41. Rxe6 Nc5 42. Re1 Nb3 43. Re2 Kc4 44. h6 Nc1
45. Rc2 Nb3 46. Ra2 Kd3 47. Rxa3 Nc5 48. h7 Ne4 49. h8=Q Nd2 50. Qd4+ Ke2
{White ran out of time and Black has no material to mate}
1/2-1/2

[Event "ICCopen2016"]
[Site "Internet Chess Club"]
[Date "2016.06.03"]
[Round "4"]
[White "B-Alqudaimi"]
[Black "searchforbobby1"]
[Result "1-0"]
[ICCResult "Black forfeits on time"]
[WhiteElo "2524"]
[BlackElo "2074"]
[Opening "Queen's pawn"]
[ECO "A40"]
[NIC "QO.17"]
[Time "19:33:28"]
[TimeControl "180+0"]

1. d4 e6 2. Nf3 f5 3. g3 d5 4. Bg2 Nf6 5. O-O Bd6 6. b3 Qe7 7. Bb2 c6 8. c4
O-O 9. Ne5 Bd7 10. Qc1 Be8 11. Ba3 Nbd7 12. Bxd6 Qxd6 13. c5 Qc7 14. Nc3
Nxe5 15. dxe5 Qxe5 16. e3 Qc7 17. Qc2 e5 18. f4 e4 19. Ne2 Bh5 20. Nd4 Qd7
21. h3 Ne8 22. b4 Nc7 23. Qc3 Ne6 24. a4 Nxd4 25. Qxd4 Be2 26. Rf2 Bd3 27.
Bf1 Bxf1 28. Kxf1 Rab8 29. a5 a6 30. Rg2 Rf6 31. Kf2 Rg6 32. Rag1 Re8 33.
Ke2 Qe6 34. Kd2 Qf6 35. Qxf6 Rxf6 36. Kc3 h6 37. g4 fxg4 38. Rxg4 Re7 39.
Rg6 Rxg6 40. Rxg6 Kf7 41. Rd6 Re6 42. Rd7+ Re7 43. Rd6 Kg8 44. Kd4 Kh7 45.
h4 Kg8 46. h5 Kf7 47. f5 Ke8 48. f6 gxf6 49. Rxf6 Rh7 50. Ke5 Ke7 51. Re6+
Kf7 52. Rd6 Ke8 53. Rg6 Re7+ 54. Kd6 Rd7+ 55. Ke5 Re7+ 56. Kd4 Kf8 57. Rxh6
Ke8 58. Rh8+ Kd7 59. h6 Ke6 60. h7 Kf7 61. Rf8+ Kxf8 62. h8=Q+ Kf7 63. Qh2
Ke6 64. Qf4 Kd7 65. Qb8 Ke6 66. Qc8+ Kf7 67. Qg4 Ke8 68. Qf4 Kd7 69. Qg5 Ke8
70. Qg4 Kf7 71. Qf5+ Ke8 72. Qc8+ Kf7 73. Qg4 Ke8 74. Qh4 Kf8 75. Qh5 Kg7
76. Qh3 Kf8 77. Qg2 Kf7 78. Qg5 Ke8 79. Qg4 Kd8 80. Qf4 Ke8 81. Qh4 Kf7 82.
Qh5+ Kf8 83. Qh4 {Black forfeits on time} 1-0

[Event "ICCopen2016"]
[Site "Internet Chess Club"]
[Date "2016.06.03"]
[Round "4"]
[White "Hellzito"]
[Black "carpenter"]
[Result "0-1"]
[ICCResult "White resigns"]
[WhiteElo "1907"]
[BlackElo "2202"]
[Opening "Ruy Lopez: Schliemann defense"]
[ECO "C63"]
[NIC "RL.06"]
[Time "19:34:03"]
[TimeControl "180+0"]

1. e4 e5 2. Nf3 Nc6 3. Bb5 f5 4. Bxc6 dxc6 5. Qe2 Nf6 6. Nc3 fxe4 7. Nxe4
Bd6 8. d3 O-O 9. h3 Nd5 10. Bg5 Qe8 11. O-O-O Qg6 12. g4 Bd7 13. Nh4 Qf7 14.
Rhf1 Rae8 15. Qd2 Nf4 16. Bxf4 Qxa2 17. c3 Rxf4 18. Nf5 Bxf5 19. gxf5 Rxf5
20. Rg1 Ref8 21. Qh6 R8f7 22. Rg2 Bf8 23. Rdg1 Kh8 24. Qh4 a5 25. Qd8 Qa1+
26. Kc2 Qa4+ 27. Kb1 Qb3 28. Ng5 R7f6 29. Qe8 Rxf2 30. Nxh7 Kxh7 31. Rxg7+
Bxg7 32. Qh5+ Bh6 {White resigns} 0-1

[Event "ICCopen2016"]
[Site "Internet Chess Club"]
[Date "2016.06.03"]
[Round "4"]
[White "Parsifal"]
[Black "GreyWarden"]
[Result "0-1"]
[ICCResult "White forfeits on time"]
[WhiteElo "2350"]
[BlackElo "1983"]
[Opening "Ruy Lopez: closed, Flohr-Zaitsev system (Lenzerheide variation)"]
[ECO "C92"]
[NIC "RL.26"]
[Time "19:33:53"]
[TimeControl "180+0"]

1. e4 e5 2. Nf3 Nc6 3. Bb5 a6 4. Ba4 Nf6 5. O-O Be7 6. Re1 b5 7. Bb3 d6 8.
c3 O-O 9. h3 Bb7 10. d4 Re8 11. Nbd2 Bf8 12. a3 g6 13. Bc2 Bg7 14. Nf1 Nb8
15. Ng3 Nbd7 16. a4 c5 17. d5 c4 18. Bg5 Nc5 19. Qd2 Qc7 20. Kh1 Nfd7 21.
Bh6 Bh8 22. Nh2 bxa4 23. Bxa4 Nd3 24. Rf1 Re7 25. b4 a5 26. Bc2 axb4 27.
Rxa8+ Bxa8 28. cxb4 Qb6 29. Bxd3 cxd3 30. Be3 Qb5 31. Ra1 Re8 32. Ra3 Rb8
33. Nf3 Nf6 34. Bg5 Qc4 35. Bxf6 Bxf6 36. Ne1 Bb7 37. Nxd3 Kg7 38. Rc3 Qd4
39. Qc2 Bc8 40. Ne1 Bd7 41. Rc7 Bb5 42. Nf3 Qxb4 43. Kh2 Ba4 44. Qd3 Qb6 45.
Rc1 Qxf2 46. Qa6 Rb2 47. Rg1 Bd7 48. Qxd6 Qxf3 49. Qxd7 Qf4 50. d6 Bh4 51.
Qg4 Bxg3+ 52. Qxg3 Qxe4 53. Re1 Qf4 54. Qxf4 exf4 55. Rd1 Rb8 56. Rd4 Rd8
57. Rd5 Kf6 58. Rd4 Ke6 59. Rd3 Rxd6 60. Rf3 Rd4 61. Rf2 Ke5 62. Kg1 f5 63.
Rf1 Re4 64. Re1 Rxe1+ 65. Kf2 Re4 66. Kf3 g5 67. Kf2 h6 {White forfeits on
time} 0-1

[Event "ICCopen2016"]
[Site "Internet Chess Club"]
[Date "2016.06.03"]
[Round "4"]
[White "HuevosDeLeon"]
[Black "BlitzorDDD"]
[Result "1/2-1/2"]
[ICCResult "White ran out of time and Black has no material to mate"]
[WhiteElo "2584"]
[BlackElo "2951"]
[Opening "Queen's pawn, Mason variation"]
[ECO "D00"]
[NIC "QP.08"]
[Time "19:33:53"]
[TimeControl "180+0"]

1. d4 d5 2. Bf4 Nf6 3. e3 Bg4 4. Nf3 e6 5. c4 Nbd7 6. Nc3 c6 7. Qb3 Bxf3 8.
gxf3 Qb6 9. c5 Qxb3 10. axb3 a6 11. b4 Rc8 12. Bd3 Nh5 13. Bg3 g6 14. f4 Bg7
15. Kd2 h6 16. Ne2 f5 17. Nc1 Ndf6 18. Nb3 Ne4+ 19. Ke2 g5 20. fxg5 hxg5 21.
Bxe4 dxe4 22. Bd6 Bf8 23. Be5 Rh7 24. Na5 Rd8 25. Nc4 Rdd7 26. Rag1 g4 27.
h3 gxh3 28. Kd2 Kf7 29. Rxh3 Nf6 30. Rxh7+ Nxh7 31. Rh1 Ng5 32. Ke2 Nf3 33.
Rh7+ Ke8 34. Rh8 Kf7 35. Bd6 Bxd6 36. Nxd6+ Kf6 37. Rh6+ Kg5 38. Rxe6 Rh7
39. Nxe4+ fxe4 40. Rxe4 Ng1+ 41. Kf1 Nf3 42. Ke2 Ng1+ 43. Kf1 Nf3 44. Kg2
Ne1+ 45. Kg3 Kf6 46. Rf4+ Ke6 47. Re4+ Kd5 48. Re8 Kc4 49. f4 Rg7+ 50. Kh4
Nd3 51. f5 Nxb4 52. f6 Rf7 53. e4 Rxf6 54. e5 Rf4+ 55. Kg5 Rxd4 56. e6 Nd5
57. Kf5 Rd3 58. Ke5 Re3+ 59. Kd6 Re4 60. Rb8 Nf4 61. e7 Re6+ 62. Kd7 Rxe7+
63. Kxe7 Kxc5 64. Rxb7 Nd5+ 65. Kd7 a5 66. Ra7 Nb4 67. Rxa5+ Kb6 68. Ra4 c5
69. Ra3 Kb5 70. Rc3 c4 71. Rxc4 Kxc4 72. b3+ Kb5
{White ran out of time and Black has no material to mate}
1/2-1/2

[Event "ICCopen2016"]
[Site "Internet Chess Club"]
[Date "2016.06.03"]
[Round "4"]
[White "jcgs1030"]
[Black "chessdi"]
[Result "0-1"]
[ICCResult "White forfeits on time"]
[WhiteElo "1915"]
[BlackElo "2429"]
[Opening "Owen defense"]
[ECO "B00"]
[NIC "VO.01"]
[Time "19:33:39"]
[TimeControl "180+0"]

1. e4 b6 2. d4 Bb7 3. Nc3 e6 4. d5 Nf6 5. dxe6 fxe6 6. e5 Nd5 7. Nxd5 Bxd5
8. c4 Bb7 9. Qh5+ g6 10. Qg4 Nc6 11. Nf3 Bb4+ 12. Bd2 Bxd2+ 13. Kxd2 Qe7 14.
Rd1 O-O-O 15. Kc1 Rhf8 16. Bd3 Qc5 17. Qg3 Nb4 18. a3 Nxd3+ 19. Rxd3 Qxc4+
20. Rc3 Qf4+ 21. Kd1 Qa4+ 22. Kc1 Rf4 23. Rd1 Rc4 24. Rd3 Rf8 25. Nd2 Rxc3+
26. Rxc3 Qd4 27. f3 Rf5 28. Nc4 Kb8 29. Qe1 Bd5 30. Qe3 Qxe3+ 31. Nxe3 Rxe5
32. f4 Rh5 33. h3 Bb7 34. Kd2 Rc5 35. Rxc5 bxc5 36. g3 d6 37. Ng4 Bg2 38. h4
h5 39. Nf6 Bc6 40. Ng8 Kb7 41. Ne7 Be4 42. Ke3 Bf5 43. Ng8 Kb6 44. Nf6 c6
45. Ne8 d5 46. Nd6 a6 {White forfeits on time} 0-1

[Event "ICCopen2016"]
[Site "Internet Chess Club"]
[Date "2016.06.03"]
[Round "4"]
[White "d13gocr"]
[Black "wmanthony"]
[Result "1-0"]
[ICCResult "Black forfeits on time"]
[WhiteElo "1712"]
[BlackElo "1386"]
[Opening "Philidor: exchange variation"]
[ECO "C41"]
[NIC "KP.08"]
[Time "19:33:54"]
[TimeControl "180+0"]

1. e4 e5 2. Nf3 d6 3. d4 exd4 4. Qxd4 Nc6 5. Bb5 Bd7 6. Bxc6 Bxc6 7. O-O Nf6
8. Re1 Be7 9. e5 dxe5 10. Qxe5 Bxf3 11. gxf3 Qd6 12. Qe2 Ng8 13. Nc3 O-O-O
14. Nb5 Qg6+ 15. Kh1 Bd6 16. f4 a6 17. a4 Nh6 18. Be3 Ng4 19. Rg1 axb5 20.
Rxg4 Qh5 21. f3 b4 22. a5 f5 23. Rg5 Qf7 24. a6 b6 25. a7 Kd7 26. Qb5+ Ke6
27. Qc6 Ra8 28. Qc4+ Ke7 29. Qc6 h6 30. Rg3 g5 31. Re1 {Black forfeits on
time} 1-0